 Dungeon Crawl Stone Soup version 0.31-a0-142-g31f6795574 (webtiles) character file.

Game seed: 18008727442558214269

2146 hikkokomori the Trooper (level 8, 0/70 HPs)
             Began as a Demigod Fighter on June 4, 2023.
             Slain by Joseph
             ... wielding a +0 quarterstaff
              (10 damage)
             ... on level 8 of the Dungeon.
             The game lasted 00:12:17 (6781 turns).

hikkokomori the Trooper (Demigod Fighter)           Turns: 6781, Time: 00:12:18

Health: 0/70       AC: 12    Str: 31    XL:     8   Next: 83%
Magic:  15/15      EV:  8    Int: 10    God:
Gold:   320        SH:  5    Dex: 13    Spells: 8/12 levels left

rFire   . . .        a - +0 war axe
rCold   . . .        c - +0 buckler
rNeg    . . .        h - +0 chain mail
rPois   .            t - +0 helmet
rElec   .            (no cloak)
rCorr   .            i - +0 pair of gloves
SInv    .            E - +0 pair of boots
Will    .....        f - amulet of the acrobat Stlth
                     g - +6 ring of strength
HPRegen 0.31/turn    x - +4 ring of slaying
MPRegen 0.14/turn

%: acrobat
@: hasted, very quick
A: high MP 1, forlorn, divine attributes
a: no special abilities


You were on level 8 of the Dungeon.
You visited 1 branch of the dungeon, and saw 8 of its levels.

You collected 410 gold pieces.
You spent 90 gold pieces at shops.

Inventory:

Hand Weapons
 a - a +0 war axe (weapon)
 J - a +2 hand axe of venom
Armour
 b - a +0 scale mail
 c - a +0 buckler (worn)
 h - a +0 chain mail (worn)
 i - a +0 pair of gloves (worn)
 t - a +0 helmet (worn)
 E - a +0 pair of boots (worn)
Jewellery
 f - an amulet of the acrobat (around neck)
 g - a +6 ring of strength (left hand)
 m - a ring of magical power
 u - a +6 ring of intelligence
 w - a ring of fire
 x - a +4 ring of slaying (right hand)
 y - a ring of ice
 F - a ring of willpower
 H - a ring of protection from cold
Wands
 r - a wand of flame (37)
Scrolls
 e - a scroll of teleportation {unknown}
 l - a scroll of silence {unknown}
 p - a scroll of amnesia {unknown}
 q - 3 scrolls of blinking
 v - 2 scrolls of fog
 A - a scroll of magic mapping {unknown}
 D - a scroll of enchant weapon {unknown}
 G - a scroll of noise {unknown}
 I - a scroll of summoning
 K - a scroll of brand weapon {unknown}
Potions
 d - 2 potions of might
 j - a potion of brilliance {unknown}
 k - 2 potions of enlightenment
 n - 3 potions of mutation
 o - 2 potions of attraction
 s - 4 potions of haste
 z - a potion of magic {unknown}
 B - a potion of berserk rage {unknown}
 C - a potion of heal wounds


   Skills:
 + Level 6.1 Fighting
 + Level 5.7 Axes
 - Level 3.7 Armour
 - Level 5.2 Shields
 + Level 2.7 Spellcasting
 + Level 4.5 Poison Magic


You had 8 spell levels left.
You knew the following spells:

 Your Spells              Type           Power      Damage    Failure   Level
a - Olgreb's Toxic Radia  Pois           10%        N/A       90%         4

Your spell library contained the following spells:

 Spells                   Type           Power      Damage    Failure   Level
 Sandblast                Erth           2%         2d4       78%         1
 Shock                    Conj/Air       4%         1d3       78%         1
 Passwall                 Tmut/Erth      0%         N/A       89%         2
 Dazzling Flash           Conj/Hex       2%         N/A       98%         3
 Stone Arrow              Conj/Erth      2%         3d7       98%         3
 Swiftness                Air            1%         N/A       98%         3
 Volatile Blastmotes      Fire/Tloc      2%         2d10      98%         3
 Airstrike                Air            0%         2d(1-17)  100%        4
 Iskenderun's Mystic Bla  Conj/Tloc      1%         2d3       100%        4
 Agony                    Necr           1%         N/A       100%        5
 Silence                  Hex/Air        0%         N/A       100%        5
 Starburst                Conj/Fire      0%         6d3       100%        6
 Discord                  Hex            0%         N/A       100%        8
 Ignition                 Fire           0%         3d3       100%        8


Dungeon Overview and Level Annotations

Branches:
Dungeon (8/15)             Temple (0/1) D:5
   Lair: D:8-11

Shops:
D:3 ?   D:4 [

Annotations:
D:8 Joseph


Innate Abilities, Weirdness & Mutations

You have an increased reservoir of magic. (+10% MP)
You shall have no god before yourself.
Your divine heritage dramatically boosts your attributes as you level up.


Message History

Joseph is heavily wounded.
You block Joseph's attack.
You slice Joseph!!
Joseph is severely wounded.
Joseph drinks a potion.
Joseph is healed!
Joseph hits you with a +0 quarterstaff!
You hit Joseph but do no damage.
Joseph is moderately wounded.
Joseph hits you with a +0 quarterstaff!
You slash Joseph!
Joseph is heavily wounded.
You block Joseph's attack.
You barely miss Joseph.
Joseph is heavily wounded.
Joseph barely misses you.
You hit Joseph but do no damage.
Joseph is heavily wounded.
Joseph hits you with a +0 quarterstaff.
You slash Joseph!
Joseph is heavily wounded.
Joseph hits you with a +0 quarterstaff. Joseph hits you with a +0 quarterstaff!
* * * LOW HITPOINT WARNING * * *
Unknown command.
You feel yourself speed up. Joseph hits you with a +0 quarterstaff!
* * * LOW HITPOINT WARNING * * *
You slash Joseph!
Joseph is severely wounded.
Joseph hits you but does no damage.
You hit Joseph.
Joseph is almost dead.
Joseph smiles happily.
Joseph hits you with a +0 quarterstaff.
* * * LOW HITPOINT WARNING * * *
You barely miss Joseph.
Joseph is almost dead.
Joseph closely misses you.
You hit Joseph.
Joseph is almost dead.
Joseph hits you with a +0 quarterstaff!
You die...

#..... #.# ###.####.####.#
#..... #.# #.............#
###.... #.# #.###.##.######
.......##.######.#......##.#
.......@.......#.#.#.#.....#
............##.#.#...#.###.#
............##.#.#####.#...#
........>...##......<..#.###
###.########.@@<.........#
#. #.#####......## # #.#
#......# #.# #......# ..#
##......####### ..#
#.............. ##.#
#....#....>.... #.#
#....#......... ..#
#....#.........


You could see Joseph.

Vanquished Creatures
  2 orc warriors
  2 black bears (D:7)
  An ice beast (D:7)
  A phantom (D:5)
  A centaur (D:8)
  A kobold brigand (D:8)
  3 bullfrogs
  A scorpion (D:6)
  5 wights
  4 killer bees
  A howler monkey (D:7)
  4 jellies
  A gnoll bouda (D:6)
  5 hounds
  A sleepcap (D:7)
  Jessica (D:2)
  3 iguanas
  Natasha (D:1)
  8 gnolls
  7 adders
  An ufetubus (D:6)
  A dart slug (D:4)
  17 orcs
  6 ball pythons
  7 endoplasms
  3 giant cockroaches
  11 goblins
  10 hobgoblins
  3 jackals (D:5)
  6 quokkas
  5 bats
  2 frilled lizards
  12 kobolds
  3 rats
140 creatures vanquished.

Vanquished Creatures (collateral kills)
  A killer bee (D:7)
1 creature vanquished.

Grand Total: 141 creatures vanquished

Notes
Turn   | Place    | Note
-------+----------+-------------------------------------------
     0 | D:1      | hikkokomori the Demigod Fighter began the quest for the
                  | Orb.
     0 | D:1      | Reached XP level 1. HP: 18/18 MP: 3/3
   181 | D:1      | Reached XP level 2. HP: 24/25 MP: 4/4
   494 | D:1      | Reached skill level 3 in Fighting
   654 | D:2      | Noticed Natasha
   666 | D:1      | Killed Natasha
   667 | D:1      | Reached XP level 3. HP: 4/31 MP: 5/5
  1008 | D:2      | Noticed Jessica
  1015 | D:2      | Killed Jessica
  1016 | D:2      | Reached XP level 4. HP: 24/38 MP: 6/6
  1463 | D:3      | Found Xaedinab's Magic Scroll Shop.
  1471 | D:3      | Bought a scroll of blinking for 90 gold pieces
  1622 | D:3      | Identified the +0 spear of Mastery {flame, Dex+2}
  1807 | D:3      | Reached XP level 5. HP: 45/45 MP: 7/7
  2346 | D:4      | Found Lecak's Antique Armour Shoppe.
  2464 | D:4      | Learned a level 4 spell: Olgreb's Toxic Radiance
  2651 | D:4      | Noticed an ogre
  2663 | D:5      | Entered Level 5 of the Dungeon
  2672 | D:5      | Reached XP level 6. HP: 52/52 MP: 9/9
  2692 | D:5      | Reached skill level 4 in Fighting
  2762 | D:5      | Reached skill level 1 in Poison Magic
  2830 | D:5      | Found a staircase to the Ecumenical Temple.
  3442 | D:6      | Noticed a yak
  3442 | D:6      | You fall into a shaft and drop 1 floor!
  3529 | D:7      | Reached XP level 7. HP: 57/60 MP: 10/10
  4031 | D:6      | Reached skill level 5 in Fighting
  4043 | D:6      | Reached skill level 5 in Shields
  4585 | D:6      | HP: 3/61 [killer bee (6)]
  4589 | D:6      | Reached XP level 8. HP: 25/68 MP: 12/12
  4862 | D:7      | Reached skill level 1 in Spellcasting
  5227 | D:6      | Reached skill level 5 in Axes
  6148 | D:7      | Reached skill level 6 in Fighting
  6745 | D:8      | Noticed Joseph
  6781 | D:8      | Slain by Joseph

Illustrated notes

Levels and vault maps discovered:
D:1:      lightli_arrival_flooded_house, layout_rooms, serial_park_tiny_2,
          minmay_split_cup_small
D:2:      layout_rooms, uniq_natasha, uniq_jessica
D:3:      layout_basic, mainiacjoe_overflow_brackets, serial_shops, shop
D:4:      layout_rooms, nicolae_tso_carved_into_rock, serial_shops, shop
D:5:      cheibrodos_quashed, layout_cave_pods, minmay_temple_entry_waves
D:6:      layout_basic, lemuel_tele_altar, nicolae_vehumet_altar_sigil,
          nicolae_fountain_basement
D:7:      layout_basic
D:8:      layout_basic, hangedman_ranch, uniq_joseph

Skill      XL: |  1  2  3  4  5  6  7  8 |
---------------+-------------------------+-----
Axes           | 2 3 4 5 |  5.7
Fighting       | 3 4 5 6 |  6.1
Armour         | 3 |  3.7
Shields        | 3 4 5 |  5.2
Poison Magic   | 2 3 4 |  4.5
Spellcasting   | 2 |  2.7

Action                     |  1- 3 |  4- 6 |  7- 9 || total
---------------------------+-------+-------+-------++-------
  Melee: War axe           |   102 |   156 |   208 ||   466
  Throw: Throwing net      |       |       |     1 ||     1
  Evoke: Wand              |       |     1 |     4 ||     5
    Use: Scroll            |       |     5 |     4 ||     9
         Potion            |       |       |     4 ||     4
   Stab: Held in net/web   |       |       |     1 ||     1
 Armour: Scale mail        |    12 |       |       ||    12
         Chain mail        |    69 |    99 |   121 ||   289
  Dodge: Dodged            |    44 |    79 |   134 ||   257
  Block: Buckler           |    22 |    54 |    73 ||   149

Table legend: (Time is in decaauts)
 A = Elapsed time spent in this place.
 B = Non-inter-level travel time spent in this place.
 C = Inter-level travel time spent in this place.
 D = Time resting spent in this place.
 E = Time spent auto-exploring this place.
 F = Levels seen in this place.
 G = Mean time per level.
                   A        B        C        D        E       F      G
               +--------+--------+--------+--------+--------+-----+--------+
         Total |   6923 |   6615 |    308 |   1298 |   4033 |   8 |  865.4 |
       Dungeon |   6923 |   6615 |    308 |   1298 |   4033 |   8 |  865.4 |
               +--------+--------+--------+--------+--------+-----+--------+

Top non-repeatable levels by time:
     D:6: 1559 daAuts
     D:7: 1543 daAuts
     D:3: 985 daAuts
     D:1: 808 daAuts
     D:5: 793 daAuts
     D:2: 572 daAuts
     D:4: 386 daAuts
     D:8: 275 daAuts
